 Dungeon Crawl Stone Soup version 0.30-a0-857-gcaf7073 (webtiles) character file.

Game seed: 17102160686726299881

280 Nithhogg the Chopper (level 6, 0/55 HPs)
             Began as a Hill Orc Fighter on Jan 6, 2023.
             Slain by a white imp (5 damage)
             ... summoned by Natasha
             ... on level 4 of the Dungeon on Mar 5, 2023.
             The game lasted 00:08:59 (2540 turns).

Nithhogg the Chopper (Hill Orc Fighter)             Turns: 2540, Time: 00:08:59

Health: 0/55       AC:  7    Str: 17    XL:     6   Next: 27%
Magic:  6/6        EV:  9    Int:  8    God:
Gold:   212        SH:  0    Dex: 10    Spells: 5/5 levels left

rFire   + + .      SeeInvis .    u - +6 mace of Sunlight {freeze, rElec rF++ rCorr Str-4}
rCold   . . .      Faith    .    (no shield)
rNeg    . . .      Spirit   .    b - +0 scale mail
rPois   .          Reflect  .    (no helmet)
rElec   +          Rampage  .    (no cloak)
rCorr   +                        (no gloves)
Will    .....                    (no boots) Stlth
                                 (no amulet)
HPRegen 0.29/turn                (no ring)
MPRegen 0.10/turn                (no ring)

@: no status effects
A: no striking features
a: no special abilities


You were on level 4 of the Dungeon.
You visited 1 branch of the dungeon, and saw 4 of its levels.

You collected 212 gold pieces.

Inventory:

Hand Weapons
 a - a +0 war axe
 h - a +2 dagger of flaming
 o - a +3 dagger of flaming
 u - the +6 mace of Sunlight (weapon) {freeze, rElec rF++ rCorr Str-4}
   (You found it on level 2 of the Dungeon)

   Str:       It affects your strength (-4).
   rF:        It greatly protects you from fire.
   rElec:     It insulates you from electricity.
   rCorr:     It protects you from acid and corrosion.
Armour
 b - a +0 scale mail (worn)
 c - a +0 buckler
 n - a +0 plate armour
Scrolls
 f - 2 scrolls of fear {unknown}
 l - 5 scrolls of identify {unknown}
 p - a scroll of amnesia {unknown}
 q - 4 scrolls of teleportation {unknown}
 s - 2 scrolls of noise {unknown}
 t - a scroll of enchant armour {unknown}
 v - a scroll of summoning {unknown}
Potions
 d - a potion of might
 e - 2 potions of heal wounds {unknown}
 g - 2 potions of magic {unknown}
 i - a potion of ambrosia {unknown}
 j - a potion of resistance {unknown}
 k - a potion of lignification {unknown}
 m - a potion of flight {unknown}
 r - 5 potions of curing {unknown}


   Skills:
 + Level 4.8 Fighting
 + Level 5.5 Axes
 + Level 0.1(2.7) Maces & Flails
 + Level 5.1 Armour
 + Level 0.6 Dodging
 + Level 0.4 Stealth
 - Level 3.3 Shields


You had 5 spell levels left.
You didn't know any spells.
Your spell library contained the following spells:

 Spells                   Type           Power      Damage    Failure   Level
 Tukima's Dance           Hex            0%         N/A       99%         3
 Passage of Golubria      Tloc           0%         N/A       100%        4
 Yara's Violent Unravell  Hex/Tmut       0%         3d3       100%        5


Dungeon Overview and Level Annotations

Branches:
Dungeon (4/15)
 Temple: D:4-7

Altars:
Dithmenos
Makhleb
Sif Muna

Annotations:
D:4 Natasha


Message History

A jackal comes into view.
The adder barely misses you.
The orc priest hits you with a +0 hand axe.
The orc hits you with a +0 war axe!
The jackal moves out of view.
The orc priest shouts, "Surrender to Beogh and we'll let you live!"
You sock the orc priest! You freeze the orc priest.
You kill the orc priest!
The adder barely misses you. The orc hits you but does no damage.
The adder barely misses you. Natasha misses you. The orc closely misses you.
Items here: )) [ ††.
You closely miss Natasha. The adder bites you but does no damage.
Natasha drinks a potion.
Natasha seems to grow stronger.
The orc hits you with a +0 war axe. The white imp gestures at you.
The puff of frost hits you! The adder bites you but does no damage.
Natasha misses you. The orc closely misses you.
You are too injured to fight recklessly!
You are too injured to fight recklessly!
You are too injured to fight recklessly!
You are too injured to fight recklessly!
You are too injured to fight recklessly!
You are too injured to fight recklessly!
You barely miss Natasha.
The white imp lashes its tail.
The adder bites you but does no damage. Natasha claws you!
The orc hits you with a +0 war axe.
* * * LOW HITPOINT WARNING * * *
The iguana hisses menacingly.
The white imp closely misses you. The adder bites you but does no damage.
You completely miss the adder.
Natasha hisses.
Natasha claws you.
* * * LOW HITPOINT WARNING * * *
The adder bites you but does no damage. The orc hits you with a +0 war axe.
* * * LOW HITPOINT WARNING * * *
The white imp hits you.
* * * LOW HITPOINT WARNING * * *
The white imp freezes you.
You die...

#.......#...
#..........#
..........##
..........
#..h..J.
#.5Kl.)#
#.ho##.#
#J5@Sg.#
##.##### #.
##


You could see an iguana, an iron imp (summoned), Natasha (strong), an adder, a
white imp (summoned), an orc, an endoplasm, a jackal, a hobgoblin and a kobold.

Vanquished Creatures
  A phantom (D:4)
  A hound (D:2)
  An orc priest (D:4)
  An iguana (D:4)
  An orc wizard (D:3)
  4 adders
  A worm (D:3)
  6 orcs
  10 ball pythons
  8 bats
  3 endoplasms
  A giant cockroach (D:1)
  4 hobgoblins
  5 jackals
  A quokka (D:2)
  A frilled lizard (D:1)
  3 goblins
  2 kobolds (D:2)
  5 rats
59 creatures vanquished.

Notes
Turn   | Place    | Note
-------+----------+-------------------------------------------
     0 | D:1      | Nithhogg the Hill Orc Fighter began the quest for the Orb.
     0 | D:1      | Reached XP level 1. HP: 19/19 MP: 1/1
     0 | D:1      | Upgraded the game from 0.30-a0-596-g0af90f9 to
                  | 0.30-a0-845-g7c6808c
   239 | D:1      | Reached XP level 2. HP: 12/27 MP: 2/2
   500 | D:1      | Upgraded the game from 0.30-a0-845-g7c6808c to
                  | 0.30-a0-853-g561648f
   500 | D:1      | Upgraded the game from 0.30-a0-853-g561648f to
                  | 0.30-a0-857-gcaf7073
   852 | D:2      | You fall into a shaft and drop 2 floors!
   866 | D:4      | Reached XP level 3. HP: 34/34 MP: 3/3
   919 | D:4      | Noticed a phantom
   953 | D:4      | Found a shadowy altar of Dithmenos.
   955 | D:4      | Reached XP level 4. HP: 33/41 MP: 4/4
   961 | D:4      | Killed a phantom
   962 | D:4      | Reached XP level 5. HP: 30/47 MP: 5/5
  1389 | D:3      | Found a shimmering blue altar of Sif Muna.
  1521 | D:2      | Found a burning altar of Makhleb.
  1644 | D:2      | Reached skill level 5 in Axes
  1644 | D:2      | Reached skill level 5 in Armour
  1700 | D:2      | Reached XP level 6. HP: 49/55 MP: 6/6
  1862 | D:2      | Identified the +6 mace of Sunlight {freeze, rElec rF++
                  | rCorr Str-4}
  2530 | D:4      | Noticed Natasha
  2540 | D:4      | Slain by a white imp

Illustrated notes

Levels and vault maps discovered:
D:1:      dpeg_arrival_stone_temple_mockup, layout_loops_ring, minmay_bisected
D:2:      layout_basic, basic_altar
D:3:      layout_basic, mainiacjoe_overflow_boulevard
D:4:      layout_basic, lemuel_round_altar, uniq_natasha

Skill      XL: |  1  2  3  4  5 |
---------------+----------------+-----
Fighting       | 4 |  4.8
Axes           | 3 4 5 |  5.5
Armour         | 4 5 |  5.1
Maces & Flails | |  0.1
Dodging        | |  0.6
Stealth        | |  0.4
Shields        | |  3.3

Action                     |  1- 3 |  4- 6 || total
---------------------------+-------+-------++-------
  Melee: War axe           |    44 |    98 ||   142
         Mace              |       |    11 ||    11
 Armour: Scale mail        |    40 |    74 ||   114
  Dodge: Dodged            |    46 |    73 ||   119
  Block: Buckler           |     1 |       ||     1

Table legend: (Time is in decaauts)
 A = Elapsed time spent in this place.
 B = Non-inter-level travel time spent in this place.
 C = Inter-level travel time spent in this place.
 D = Time resting spent in this place.
 E = Time spent auto-exploring this place.
 F = Levels seen in this place.
 G = Mean time per level.
                   A        B        C        D        E       F      G
               +--------+--------+--------+--------+--------+-----+--------+
         Total |   2584 |   2413 |    171 |      0 |   1939 |   4 |  646.0 |
       Dungeon |   2584 |   2413 |    171 |      0 |   1939 |   4 |  646.0 |
               +--------+--------+--------+--------+--------+-----+--------+

Top non-repeatable levels by time:
     D:3: 869 daAuts
     D:1: 868 daAuts
     D:2: 615 daAuts
     D:4: 231 daAuts
